[Event "DSB-Kader-Challenge 2021"]
[Site "Magdeburg"]
[Date "2021.04.06"]
[Round "2.1"]
[White "Fridman, Daniel"]
[Black "Wagner, Dennis"]
[Result "1/2-1/2"]
[ECO "D33"]
[WhiteElo "2601"]
[BlackElo "2581"]
[Annotator "ChessBase"]
[PlyCount "80"]
[EventDate "2021.04.05"]
[EventType "tourn"]
[EventCountry "GER"]
[SourceTitle "playchess.com"]
[Source "ChessBase"]
[SourceQuality "1"]
[TimeControl "40/5400+30:1800+30"]

1. Nf3 c5 2. c4 Nf6 3. Nc3 e6 4. g3 d5 5. cxd5 exd5 6. d4 Nc6 7. Bg2 cxd4 8. Nxd4 Bc5 9. Nxc6 bxc6 10. O-O O-O 11. Na4 Bb6 12. Qc2 Bd7 13. Nxb6 axb6 14. a4 Re8 15. b4 Ne4 16. Be3 h5 17. Rfd1 h4 18. Ra3 Qe7 19. Bxe4 Qxe4 20. Qxe4 Rxe4 21. Rd4 Rxd4 22. Bxd4 c5 23. bxc5 bxc5 24. Bxc5 Rxa4 25. Rxa4 Bxa4 26. gxh4 Bb5 27. e3 g6 28. Kg2 f6 29. Kg3 Kf7 30. Bd4 Be2 31. Kf4 Bd1 32. f3 Ba4 33. h3 Bd7 34. h5 gxh5 35. h4 Kg6 36. e4 dxe4 37. fxe4 Bc6 38. Bc3 Bb7 39. e5 fxe5+ 40. Bxe5 Bc8 1/2-1/2

[Event "DSB-Kader-Challenge 2021"]
[Site "Magdeburg"]
[Date "2021.04.06"]
[Round "2.4"]
[White "Svane, Rasmus"]
[Black "Kollars, Dmitrij"]
[Result "1/2-1/2"]
[ECO "C84"]
[WhiteElo "2613"]
[BlackElo "2598"]
[Annotator "ChessBase"]
[PlyCount "153"]
[EventDate "2021.04.05"]
[EventType "tourn"]
[EventCountry "GER"]
[SourceTitle "playchess.com"]
[Source "ChessBase"]
[SourceQuality "1"]
[TimeControl "40/5400+30:1800+30"]

1. e4 e5 2. Nf3 Nc6 3. Bb5 a6 4. Ba4 Nf6 5. O-O b5 6. Bb3 Bb7 7. d3 Be7 8. a4 O-O 9. Bg5 d6 10. Nc3 b4 11. Bxf6 Bxf6 12. Nd5 a5 13. c3 bxc3 14. bxc3 g6 15. Rb1 Bg7 16. Ne3 Bc8 17. Bc4 Bd7 18. Qb3 h6 19. Qa2 Ne7 20. Rb2 Nc8 21. Bd5 Ra7 22. Rfb1 Nb6 23. Bb3 Qe7 24. Nd5 Nxd5 25. Bxd5 c6 26. Bc4 Rc7 27. Rb7 Bg4 28. Rxc7 Qxc7 29. Nd2 Bf6 30. h3 Bc8 31. Qb3 Kg7 32. Qb8 Bd8 33. Qa8 Bg5 34. Nf3 Bf6 35. Qb8 Qd8 36. Qa8 Qc7 37. Qb8 Qd8 38. Ba2 Ba6 39. Qxd8 Rxd8 40. c4 Rd7 41. Rb6 Bb7 42. c5 dxc5 43. Kf1 Kf8 44. Ke2 Ke7 45. Nd2 Kd6 46. Rb1 Ba6 47. Bc4 Bc8 48. Rb8 Kc7 49. Ra8 Bd8 50. Ra7+ Bb7 51. Ba6 Kb6 52. Rxb7+ Rxb7 53. Bxb7 Kxb7 54. Nc4 Bc7 55. h4 h5 56. Kf3 Kc8 57. g4 Kd7 58. gxh5 gxh5 59. Ne3 Ke6 60. Ke2 Bd8 61. Nf5 Kf6 62. Nd6 Ke7 63. Nc4 Ke6 64. Ke3 Bc7 65. Kf3 Bd8 66. Kg3 Bc7 67. Kg2 Bd8 68. Kh3 f5 69. Kg3 f4+ 70. Kg2 Bc7 71. Kf3 Bd8 72. Ke2 Bc7 73. Nd2 Bd8 74. Nc4 Bc7 75. f3 Bd8 76. Kf1 Bc7 77. Ke2 1/2-1/2

[Event "DSB-Kader-Challenge 2021"]
[Site "Magdeburg"]
[Date "2021.04.06"]
[Round "2.5"]
[White "Heimann, Andreas"]
[Black "Svane, Frederik"]
[Result "1/2-1/2"]
[ECO "B32"]
[WhiteElo "2606"]
[BlackElo "2421"]
[Annotator "ChessBase"]
[PlyCount "115"]
[EventDate "2021.04.05"]
[EventType "tourn"]
[EventCountry "GER"]
[SourceTitle "playchess.com"]
[Source "ChessBase"]
[SourceQuality "1"]
[TimeControl "40/5400+30:1800+30"]

1. e4 c5 2. Nf3 Nc6 3. d4 cxd4 4. Nxd4 e5 5. Nb5 d6 6. c4 g6 7. Be2 Be6 8. O-O a6 9. N5c3 Nf6 10. Be3 Bg7 11. Nd5 O-O 12. Nbc3 Bxd5 13. cxd5 Nd4 14. Bd3 Qb6 15. Ne2 Nd7 16. Qd2 Nc5 17. Rac1 Nxd3 18. Qxd3 Qb5 19. Qxb5 axb5 20. Nxd4 exd4 21. Bf4 Rfd8 22. a3 d3 23. Rcd1 Bxb2 24. Rxd3 Rxa3 25. Rxa3 Bxa3 26. Rb1 Bc5 27. Rxb5 Re8 28. Rxb7 Rxe4 29. g3 h5 30. Rd7 Re1+ 31. Kg2 Re2 32. Bxd6 Rxf2+ 33. Kh1 Bxd6 34. Rxd6 Rd2 35. h4 Kf8 36. Rd7 Ke8 37. Ra7 Rxd5 38. Kg2 Kf8 39. Kf3 Rd4 40. Rb7 Kg7 41. Rb6 Ra4 42. Rc6 Ra5 43. Rb6 Rf5+ 44. Kg2 Rf6 45. Rb7 Ra6 46. Kf3 Kf6 47. Rc7 Ke6 48. Rb7 Ra5 49. Rb6+ Kf5 50. Rb3 f6 51. Rc3 g5 52. hxg5 fxg5 53. g4+ hxg4+ 54. Kg3 Ke4 55. Kxg4 Kd4 56. Rc8 Rc5 57. Rxc5 Kxc5 58. Kxg5 1/2-1/2

[Event "DSB-Kader-Challenge 2021"]
[Site "Magdeburg"]
[Date "2021.04.08"]
[Round "5.4"]
[White "Wagner, Dennis"]
[Black "Heimann, Andreas"]
[Result "1/2-1/2"]
[ECO "D40"]
[WhiteElo "2581"]
[BlackElo "2606"]
[Annotator "ChessBase"]
[PlyCount "80"]
[EventDate "2021.04.05"]
[EventType "tourn"]
[EventCountry "GER"]
[SourceTitle "playchess.com"]
[Source "ChessBase"]
[SourceQuality "1"]
[TimeControl "40/5400+30:1800+30"]

1. d4 d5 2. c4 e6 3. Nf3 Nf6 4. Nc3 c5 5. e3 a6 6. cxd5 exd5 7. b3 cxd4 8. Nxd4 Bb4 9. Bd2 Nc6 10. Nxc6 bxc6 11. Bd3 Ng4 12. Ne2 Qh4 13. Ng3 Nxf2 14. Kxf2 Bxd2 15. Qxd2 Qf6+ 16. Bf5 Bxf5 17. Qd4 Qxd4 18. exd4 Bg6 19. h4 O-O-O 20. Rhe1 Rhe8 21. Rac1 Kc7 22. Rxe8 Rxe8 23. Rc3 Kd6 24. Re3 Re6 25. Rxe6+ fxe6 26. b4 Be4 27. Nh5 e5 28. Ke3 Bxg2 29. Nxg7 Bh3 30. Ne8+ Ke7 31. Nc7 Bc8 32. Na8 Kd6 33. Nb6 Bh3 34. Na4 Bf1 35. Nc5 h6 36. a4 Bc4 37. Nb7+ Kc7 38. Nc5 Kd6 39. Nb7+ Kc7 40. Nc5 Kd6 1/2-1/2

[Event "DSB-Kader-Challenge 2021"]
[Site "Magdeburg"]
[Date "2021.04.09"]
[Round "7.2"]
[White "Engel, Luis"]
[Black "Svane, Frederik"]
[Result "1-0"]
[ECO "B06"]
[WhiteElo "2553"]
[BlackElo "2421"]
[Annotator "ChessBase"]
[PlyCount "95"]
[EventDate "2021.04.05"]
[EventType "tourn"]
[EventCountry "GER"]
[SourceTitle "playchess.com"]
[Source "ChessBase"]
[SourceQuality "1"]
[TimeControl "40/5400+30:1800+30"]

1. e4 c5 2. Nf3 g6 3. c3 d5 4. exd5 Qxd5 5. d4 Bg7 6. Be2 cxd4 7. cxd4 Nf6 8. Nc3 Qd6 9. O-O O-O 10. Bg5 Be6 11. Rc1 Nbd7 12. Nb5 Qb6 13. Nc7 Rac8 14. Nxe6 Qxe6 15. b3 Rxc1 16. Bxc1 Nd5 17. Bc4 N7b6 18. Bd3 Rd8 19. Qd2 Qd6 20. Qa5 Qb8 21. Re1 e6 22. g3 Ne7 23. Bf4 Qa8 24. Be4 Nbd5 25. Bg5 Nc6 26. Qd2 Rd7 27. Rd1 Qf8 28. h4 Qb4 29. Qc2 h6 30. Bc1 Nce7 31. Bb2 Qa5 32. a3 Rc7 33. Qe2 Nc3 34. Qe1 f5 35. Bd3 Qd5 36. Bc4 Qxf3 37. Bxc3 Kh7 38. Rd3 Qc6 39. Re3 b5 40. Rxe6 Qb7 41. Bf1 h5 42. Ba5 Rd7 43. Bg2 Nd5 44. Qc1 Bh6 45. Qc5 f4 46. Rd6 fxg3 47. Bxd5 gxf2+ 48. Kf1 1-0

[Event "DSB-Kader-Challenge 2021"]
[Site "Magdeburg"]
[Date "2021.04.09"]
[Round "7.3"]
[White "Wagner, Dennis"]
[Black "Kollars, Dmitrij"]
[Result "0-1"]
[ECO "C78"]
[WhiteElo "2581"]
[BlackElo "2598"]
[Annotator "ChessBase"]
[PlyCount "112"]
[EventDate "2021.04.05"]
[EventType "tourn"]
[EventCountry "GER"]
[SourceTitle "playchess.com"]
[Source "ChessBase"]
[SourceQuality "1"]
[TimeControl "40/5400+30:1800+30"]

1. e4 e5 2. Nf3 Nc6 3. Bb5 a6 4. Ba4 Nf6 5. O-O b5 6. Bb3 Bc5 7. c3 d6 8. a4 Bb7 9. d4 Bb6 10. Re1 O-O 11. Bg5 h6 12. Bh4 b4 13. Qd3 Na5 14. Bc2 c5 15. cxb4 cxb4 16. Nbd2 Nc6 17. Nb3 a5 18. Rac1 Ba6 19. Qd2 Rc8 20. Bd3 Bb7 21. d5 Nb8 22. Bb5 Qe7 23. Qd3 g5 24. Bg3 Nh5 25. Nfd2 f5 26. exf5 Rxc1 27. Rxc1 Bc8 28. Rxc8 Rxc8 29. Nc4 Bc7 30. Nbd2 Nd7 31. Ne4 Rf8 32. h3 Ndf6 33. Kh2 Nxe4 34. Qxe4 Ng7 35. Ne3 h5 36. f3 Bb6 37. Bf2 Bxe3 38. Bxe3 Nxf5 39. Bb6 Qg7 40. Bxa5 Nd4 41. Bd3 g4 42. fxg4 Rf4 43. Qe3 hxg4 44. Bxb4 Nf3+ 45. gxf3 gxf3 46. Bf1 f2 47. Qg3 Qxg3+ 48. Kxg3 Rxb4 49. Kxf2 Rxa4 50. b3 Rf4+ 51. Kg2 Kg7 52. Bd3 Kf6 53. Kg3 Kg5 54. Be2 Re4 55. Kf3 Rd4 56. Bc4 Kh4 0-1